 Adventure DCSS version bcrawl-1.21.2-20-g6d45ba5942 (webtiles) character file.

Game seed: 17335582807674973298

28 galech the Skirmisher (level 3, 29/29 HPs)
             Began as a Demonspawn Fighter on Feb 25, 2020.
             Quit the game on level 1 of the Dungeon.
             The game lasted 00:00:56 (728 turns).

galech the Skirmisher (Demonspawn Fighter)           Turns: 728, Time: 00:00:57

Health: 29/29      AC:  8    Str: 16    XL:     3   Next: 0%
Magic:  3/3        EV:  6    Int:  9    God:
Gold:   97         SH:  9    Dex: 13    Spells: 2/2 levels left
                                        Lives:  2   Deaths: 0

rFire    . . .     SeeInvis .   a - +0 war axe
rCold    . . .     Gourm    .   c - +0 medium shield
rNeg     . . .     Faith    .   b - +0 scale mail
rPois    .         Spirit   .   (no helmet)
rElec    .         Reflect  .   (no cloak)
rCorr    .         Harm     .   (no gloves)
MR       .....                  (no boots)
Stlth    ..........             (no amulet)
HPRegen  0.09/turn              (no ring)
MPRegen  0.08/turn              (no ring)

@: no status effects
A: slimy green scales 1, spiny 1
a: no special abilities


You were on level 1 of the Dungeon.
You were not hungry.

You visited 1 branch of the dungeon, and saw 1 of its levels.

You collected 97 gold pieces.

Inventory:

Hand Weapons
 a - a +0 war axe (weapon)
Armour
 b - a +0 scale mail (worn)
 c - a +0 medium shield (worn)
Scrolls
 g - a scroll of noise {unknown}
 i - a scroll of amnesia {unknown}
 j - a scroll of identify {unknown}
 k - 2 scrolls of teleportation {unknown}
 l - a scroll of remove curse {unknown}
 n - a scroll of magic mapping {unknown}
Potions
 d - a potion of might
 h - 2 potions of haste {unknown}
 m - a potion of flight {unknown}
Comestibles
 e - a ration {!d}
 f - 5 chunks of flesh


   Skills:
 + Level 3.3 Fighting
 + Level 1.9 Axes
 + Level 3.0 Armour
 + Level 0.1 Dodging
 + Level 3.1 Shields


You had 2 spell levels left.
You didn't know any spells.
Your spell library was empty.

Dungeon Overview and Level Annotations

Branches:
Dungeon (1/12)

Altars:


Innate Abilities, Weirdness & Mutations

You are partially covered in slimy green scales. (AC +2)
You are partially covered in sharp spines.


Message History

Found an escape hatch in the floor.
Found a stone staircase leading down.
You now have 97 gold pieces (gained 8).
h - 2 orange potions (gained 1) Some of the chunks of flesh in your inventory have rotted away.
A bat comes into view.
You block the bat's attack.
Your shield prevents you from hitting the bat.
The bat hits you but does no damage. x2
You hit the bat.
The bat is moderately wounded.
The bat barely misses you. The bat hits you but does no damage.
You hit the bat.
You kill the bat!
You have reached level 3!
Your experience leads to an increase in your attributes!
Increase (S)trength, (I)ntelligence, or (D)exterity?
You feel agile.
Your demonic ancestry asserts itself...
Sharp spines emerge from parts of your body.
Are you sure you want to abandon this character and quit the game? (Confirm with "yes".)

#.# #.# #.# ###.## #.# #.....
#######.########.#.##
#.............##.#.##
#.#####.#...#........ #.#
................
##.###.#.#............
#....@.#.#..#.....#.##
#..###.#.#..#.#.#^#.##
#...##.#............##
#######..##.#.#..#.#.#.## #
#.............#..#.....#
###.#####..##.###..###.######
#.....# #..........# #.##....
#####.....####.##.##...###.##.###
#..............##....)..##.##.##


There were no monsters in sight!

Vanquished Creatures
  A leopard gecko (D:1)
  A giant cockroach (D:1)
  4 goblins (D:1)
  4 jackals (D:1)
  3 ball pythons (D:1)
  4 bats (D:1)
  A frilled lizard (D:1)
  4 kobolds (D:1)
  4 rats (D:1)
26 creatures vanquished.

Notes
Turn   | Place    | Note
-------+----------+-------------------------------------------
     0 | D:1      | galech the Demonspawn Fighter began the quest for the Orb.
     0 | D:1      | Reached XP level 1. HP: 18/18 MP: 1/1
   371 | D:1      | Gained mutation: You are partially covered in slimy green
                  | scales. (AC +2) [demonic ancestry]
   371 | D:1      | Reached XP level 2. HP: 24/24 MP: 2/2
   727 | D:1      | Gained mutation: You are partially covered in sharp spines.
                  | [demonic ancestry]
   727 | D:1      | Reached XP level 3. HP: 29/29 MP: 3/3
   728 | D:1      | Quit the game

Skill      XL: |  1  2 |
---------------+-------+-----
Shields        | 3 |  3.1
Armour         | 3 |  3.0
Fighting       | |  3.3
Axes           | |  1.9
Dodging        | |  0.1

Action                   || total
-------------------------++-------
Melee: War axe           ||    64
Armor: Scale mail        ||    39
Dodge: Dodged            ||    14
Block: Medium shield     ||    24
